 Dungeon Crawl Stone Soup version 0.28.0 (webtiles) character file.

Game seed: 7971094466837975300

53 coldbreeze the Insei (level 3, 1/25 HPs)
             Began as an Octopode Gladiator on Feb 16, 2022.
             Quit the game on level 2 of the Dungeon.
             The game lasted 00:02:32 (1554 turns).

coldbreeze the Insei (Octopode Gladiator)           Turns: 1554, Time: 00:02:33

Health: 1/25       AC:  1    Str: 13    XL:     3   Next: 89%
Magic:  3/3        EV: 14    Int: 10    God:
Gold:   31         SH:  0    Dex: 15    Spells: 2/2 levels left

rFire   + . .      SeeInvis .   d - +1 whip (pain)
rCold   + . .      Faith    .   (no shield)
rNeg    . . .      Spirit   .   a - +0 hat
rPois   +          Reflect  .   (no amulet)
rElec   +          Harm     .   (no ring)
rCorr   +          Rampage  .   (no ring)
Will    .....                   (no ring)
Stlth   +++.......              (no ring)
HPRegen 0.08/turn               (no ring)
MPRegen 0.08/turn               (no ring)
                                (no ring)
                                (no ring)

@: lethally poisoned (1 -> -1), resistant, flying
A: almost no armour, amphibious, 8 rings, camouflage 1, gelatinous body 1,
(nimble swimmer 1), tentacles
a: no special abilities


You were on level 2 of the Dungeon.
You visited 1 branch of the dungeon, and saw 2 of its levels.

You collected 31 gold pieces.

Inventory:

Hand Weapons
 d - a +1 whip of pain (weapon)
Missiles
 b - 3 throwing nets (quivered)
Armour
 a - a +0 hat (worn)
Jewellery
 k - a ring of wizardry
Scrolls
 e - a scroll of vulnerability {unknown}
 f - a scroll of identify {unknown}
 g - a scroll of amnesia {unknown}
 h - a scroll of enchant weapon {unknown}
 i - a scroll of immolation {unknown}


   Skills:
 + Level 2.5 Fighting
 * Level 1.5 Maces & Flails
 - Level 2.0 Throwing
 - Level 3.0 Dodging
 + Level 2.0 Stealth
 - Level 3.2 Unarmed Combat
 + Level 1.0 Necromancy


You had 2 spell levels left.
You didn't know any spells.
Your spell library was empty.

Dungeon Overview and Level Annotations

Branches:
Dungeon (2/15)

Altars:


Innate Abilities, Weirdness & Mutations

You cannot wear most types of armour.
You are amphibious.
You can wear up to eight rings at the same time.
Your skin changes colour to match your surroundings (Stealth+).
Your rubbery body absorbs attacks. (AC +1, EV +1)
((You are camouflaged when in or above water. (Stealth+)))
You have tentacles for arms and can constrict up to eight enemies at once.


Message History

You are poisoned.
The adder poisons you!
You hit the adder. Your squeeze misses the adder.
The adder is lightly wounded.
You constrict the adder.
You feel sick. The adder barely misses you.
You are too injured to fight recklessly!
You are too injured to fight recklessly!
You barely miss the adder.
The adder is moderately wounded.
You constrict the adder.
You feel sick. The adder bites you. x2
* * * LOW HITPOINT WARNING * * *
You are lethally poisoned!
The adder poisons you!
You barely miss the adder.
The adder is heavily wounded.
You constrict the adder.
* * * LOW HITPOINT WARNING * * *
You feel sick. The adder closely misses you.
It was a potion of flight.
You feel very buoyant.
You fly up into the air.
You constrict the adder.
* * * LOW HITPOINT WARNING * * *
You feel sick. The adder completely misses you.
It was a potion of resistance.
You feel protected.
You constrict the adder.
* * * LOW HITPOINT WARNING * * *
You feel sick. The adder misses you. The adder barely misses you.
You hit the adder but do no damage. You squeeze the adder.
You kill the adder!
* * * LOW HITPOINT WARNING * * *
You feel sick.
Your Stealth skill increases to level 2!
Your Necromancy skill increases to level 1!
Found 15 stones.
* * * LOW HITPOINT WARNING * * *
You feel sick.
You see here an adder corpse.
There is a lethal amount of poison in your body!
Are you sure you want to abandon this character and quit the game? (Confirm with "yes".)

##.##
#..##.#
##.##.#
#..#.#
##.#.#
#.#.#
#.#.#
#.#.#
#..@#
##..#
...>..
#.##.#.#
#. ..#.#
# ..# #
... (#.#


There were no monsters in sight!

Vanquished Creatures
  2 adders (D:2)
  A dart slug (D:1)
  2 endoplasms (D:1)
  2 giant cockroaches
  2 goblins (D:1)
  5 hobgoblins (D:1)
  3 kobolds (D:1)
  3 quokkas (D:1)
  4 ball pythons
  3 bats (D:1)
  3 frilled lizards (D:1)
  2 rats (D:1)
32 creatures vanquished.

Notes
Turn   | Place    | Note
-------+----------+-------------------------------------------
     0 | D:1      | coldbreeze the Octopode Gladiator began the quest for the
                  | Orb.
     0 | D:1      | Reached XP level 1. HP: 14/14 MP: 1/1
   149 | D:1      | Reached XP level 2. HP: 14/19 MP: 2/2
   251 | D:1      | Reached skill level 1 in Stealth
   759 | D:1      | Reached XP level 3. HP: 12/25 MP: 3/3
   948 | D:1      | Reached skill level 1 in Maces & Flails
  1105 | D:1      | Found a faded altar of an unknown god.
  1553 | D:2      | Reached skill level 1 in Necromancy
  1553 | D:2      | HP: 1/25 [poisoned by an adder]
  1554 | D:2      | Quit the game

Illustrated notes

Levels and vault maps discovered:
D:1:      heliophobic_arrival_enchanted_forest, layout_basic,
          hellmonk_ecumenical_altar_arch_garden, minmay_small_reverse_x
D:2:      layout_basic, uniq_robin

Skill      XL: |  1  2  3 |
---------------+----------+-----
Stealth        | 1 2 |  2.0
Maces & Flails | 1 |  1.5
Necromancy     | 1 |  1.0
Fighting       | |  2.5
Throwing       | |  2.0
Dodging        | |  3.0
Unarmed Combat | |  3.2

Action                   || total
-------------------------++-------
Melee: Unarmed           ||    18
       Constrict         ||    22
       Tentacles         ||    14
       Whip              ||    51
       Punch             ||     3
  Use: Potion            ||     2
 Stab: Sleeping          ||     4
Armor: Skin              ||     5
Dodge: Dodged            ||    51
